 Dungeon Crawl Stone Soup version 0.27-a0-1139-g28e009f8a6 (webtiles) character file.

Game seed: 13075115089935732309

134 CabbageHands the Charlatan (level 4, 0/32 HPs)
             Began as a Demonspawn Artificer on May 7, 2021.
             Slain by an ice beast (10 damage)
             ... on level 3 of the Dungeon.
             The game lasted 00:09:47 (4213 turns).

CabbageHands the Charlatan (Demonspawn Artificer)   Turns: 4213, Time: 00:09:49

Health: 0/32       AC:  7    Str: 14    XL:     4   Next: 95%
Magic:  4/4        EV:  9    Int: 12    God:
Gold:   133        SH:  4    Dex: 13    Spells: 3/3 levels left

rFire    . . .     SeeInvis .   k - +0 trident
rCold    . . .     Faith    .   (no shield)
rNeg     . . .     Spirit   .   b - +1 scale mail
rPois    .         Reflect  .   (no helmet)
rElec    .         Harm     .   (no cloak)
rCorr    .         Rampage  .   (no gloves)
Will     .....                  (no boots)
Stlth    ..........             (no amulet)
HPRegen  0.10/turn              (no ring)
MPRegen  0.09/turn              (no ring)

@: no status effects
A: claws 1, large bone plates 1, foul stench 1
a: no special abilities


You were on level 3 of the Dungeon.
You visited 1 branch of the dungeon, and saw 3 of its levels.

You collected 133 gold pieces.

Inventory:

Hand Weapons
 h - a +0 short sword of speed
 k - a +0 trident (weapon)
Armour
 b - a +1 scale mail (worn)
Jewellery
 a - a ring of ice
 m - a +6 ring of intelligence
 t - an amulet of the acrobat
Wands
 c - a wand of flame (5) (quivered)
 d - a wand of charming (10)
Scrolls
 i - a scroll of teleportation
Potions
 f - a potion of resistance
 g - a potion of haste
 j - a potion of magic {unknown}
 p - a potion of might
 q - a potion of curing
Miscellaneous
 e - a piece from Xom's chessboard (10/15)


   Skills:
 - Level 1.0 Fighting
 + Level 3.5 Armour
 - Level 0.8 Dodging
 - Level 0.8 Stealth
 + Level 4.5 Evocations


You had 3 spell levels left.
You didn't know any spells.
Your spell library was empty.

Dungeon Overview and Level Annotations

Branches:
Dungeon (3/15)

Altars:


Innate Abilities, Weirdness & Mutations

You have sharp fingernails.
You are partially covered in large bone plates. (SH +4)
You may rarely emit foul miasma when damaged in melee.


Message History

The ice beast is heavily wounded.
The ice beast barely misses you.
Aiming: Throw Flame
Press: ? - help, Shift-Dir - straight line, f/p - ice beast
Aim: an ice beast (heavily wounded, 74% to hit)
The puff of flame hits the ice beast but does no damage.
The ice beast is heavily wounded.
The ice beast barely misses you.
Unknown command.
You hit the ice beast.
The ice beast is heavily wounded.
The ice beast hits you. The ice beast freezes you.
You hit the ice beast.
The ice beast is severely wounded.
The ice beast barely misses you.
You closely miss the ice beast.
The ice beast is severely wounded.
The ice beast hits you. The ice beast freezes you!
The ice beast hits you but does no damage.
You hit the ice beast.
The ice beast is severely wounded.
The ice beast hits you but does no damage.
Aiming: Throw Flame
Press: ? - help, Shift-Dir - straight line, f/p - ice beast
Aim: an ice beast (severely wounded, 74% to hit)
The puff of flame misses the ice beast.
The puff of flame hits the jackal!
You kill the jackal!
The ice beast closely misses you.
Unknown command.
Aiming: Throw Flame
Press: ? - help, Shift-Dir - straight line, f/p - ice beast
Aim: an ice beast (severely wounded, 74% to hit)
The puff of flame misses the ice beast.
You block the ice beast's attack.
Aiming: Throw Flame
Press: ? - help, Shift-Dir - straight line, f/p - ice beast
Aim: an ice beast (severely wounded, 74% to hit)
The puff of flame hits the ice beast but does no damage.
The ice beast is severely wounded.
The ice beast hits you. The ice beast freezes you!
You die...

# ##.# ### #. #.# #
#.. #.## # #.. #..#
# #
#...#########'#.###
#
#......#.....†....#
#
#....#.#..........#
#
##.#h#Y#..........#
# #
#.#@#..........#
#.#.#.........)#
#.#.........>###
#.############ ..


You could see an ice beast.

Vanquished Creatures
  6 gnolls
  A worm (D:3)
  2 dart slugs
  An orc (D:3)
  9 ball pythons
  3 giant cockroaches
  7 goblins
  2 hobgoblins
  4 jackals
  6 kobolds
  3 quokkas
  5 bats
  6 frilled lizards
  5 rats
60 creatures vanquished.

Vanquished Creatures (collateral kills)
  A gnoll (D:2)
1 creature vanquished.

Vanquished Creatures (others)
  5 toadstools (D:1)
5 creatures vanquished.

Grand Total: 66 creatures vanquished

Notes
Turn   | Place    | Note
-------+----------+-------------------------------------------
     0 | D:1      | CabbageHands the Demonspawn Artificer began the quest for
                  | the Orb.
     0 | D:1      | Reached XP level 1. HP: 15/15 MP: 1/1
   534 | D:1      | Gained mutation: You have sharp fingernails. [demonic
                  | ancestry]
   534 | D:1      | Reached XP level 2. HP: 14/21 MP: 2/2
  1147 | D:1      | Found a faded altar of an unknown god.
  1298 | D:1      | Gained mutation: You are partially covered in large bone
                  | plates. (SH +4) [demonic ancestry]
  1298 | D:1      | Reached XP level 3. HP: 26/26 MP: 3/3
  2398 | D:2      | Reached skill level 4 in Evocations
  2572 | D:2      | Gained mutation: You may rarely emit foul miasma when
                  | damaged in melee. [demonic ancestry]
  2572 | D:2      | Reached XP level 4. HP: 32/32 MP: 4/4
  4201 | D:3      | Noticed an ice beast
  4213 | D:3      | Slain by an ice beast

Illustrated notes

Levels and vault maps discovered:
D:1:      ldierk_walled_garden, layout_basic,
          shapermc_ecumenical_altar_flowoftime, grunt_decor_one_mirror
D:2:      minmay_inner_zag, layout_loops_corners
D:3:      layout_basic, serial_shops, nicolae_shop_crystal

Skill      XL: |  1  2  3 |
---------------+----------+-----
Armour         | 2 3 |  3.5
Evocations     | 4 |  4.5
Fighting       | |  1.0
Dodging        | |  0.8
Stealth        | |  0.8

Action                   |  1- 3 |  4- 6 || total
-------------------------+-------+-------++-------
Melee: Club              |    29 |       ||    29
       Short sword       |   163 |    89 ||   252
       Trident           |       |     9 ||     9
Evoke: Piece from Xom's  |     8 |     6 ||    14
       Wand              |     7 |     8 ||    15
  Use: Scroll            |       |    11 ||    11
 Stab: Sleeping          |     3 |       ||     3
       Confused          |     2 |       ||     2
       Petrified         |    11 |    15 ||    26
Armor: Leather armour    |    26 |       ||    26
       Scale mail        |    17 |    21 ||    38
Dodge: Dodged            |    91 |    34 ||   125
Block: Other             |    19 |    17 ||    36

Table legend: (Time is in decaauts)
 A = Elapsed time spent in this place.
 B = Non-inter-level travel time spent in this place.
 C = Inter-level travel time spent in this place.
 D = Time resting spent in this place.
 E = Time spent auto-exploring this place.
 F = Levels seen in this place.
 G = Mean time per level.
                   A        B        C        D        E       F      G
               +--------+--------+--------+--------+--------+-----+--------+
         Total |   4168 |   3988 |    180 |   1227 |   1973 |   3 | 1389.3 |
       Dungeon |   4168 |   3988 |    180 |   1227 |   1973 |   3 | 1389.3 |
               +--------+--------+--------+--------+--------+-----+--------+

Top non-repeatable levels by time:
     D:1: 1979 daAuts
     D:2: 1707 daAuts
     D:3: 481 daAuts
